MapleLeafs vs BlackHawks

Created - February-12-13 at 17:25

Goals
1 2 3 T
MapleLeafs 3 1 1 5
BlackHawks 1 1 0 2
Shots
1 2 3 T
MapleLeafs 6 7 9 22
BlackHawks 6 8 7 21

1st period

1. BlackHawks , P.K. Subban 4 (Zach Parise) at 7:41 (PP)
2. MapleLeafs , Adam Henrique 15 (Victor Hedman, Vincent Lecavalier) at 15:07
3. MapleLeafs , Derek Dorsett 4 (Drew Doughty, Victor Hedman) at 17:47
4. MapleLeafs , Evgeni Malkin 21 (Jay Harrison) at 18:14

Penalties :
Greg Zanon (TOR) for Roughing (Minor) at 1:24, Jay Harrison (TOR) for Tripping (Minor) at 7:39, Vincent Lecavalier (TOR) for Slashing (Minor) at 8:31

2nd period

5. BlackHawks , Jamie McGinn 8 (P.K. Subban, Darren Helm) at 1:07
6. MapleLeafs , Philippe Dupuis 4 (Derek Dorsett) at 8:50

Penalties :
Hal Gill (TOR) for Interference (Minor) at 6:30, Robyn Regehr (CHI) for Interference (Minor) at 13:56, Vincent Lecavalier (TOR) for Interference (Minor) at 17:29

3rd period

7. MapleLeafs , Adam Henrique 16 (Drew Doughty) at 11:00 (SH)

Penalties :
Mike Fisher (TOR) for Roughing (Minor) at 0:50, Jordin Tootoo (TOR) for High sticking (Minor) at 9:46, Adam Hall (TOR) for Goalie Interference (Minor) at 9:58, Zach Parise (CHI) for Hooking (Minor) at 12:30, Darren Helm (CHI) for Hooking (Minor) at 17:11

Goalie Stats

Ryan Miller (TOR), 19 saves from 21 shots - (0.905), W, 28-21-5, 60:00 minutes
Jose Theodore (CHI), 5 saves from 9 shots - (0.556), L, 12-20-6, 28:50 minutes
Martin Brodeur (CHI), 12 saves from 13 shots - (0.923), 31:10 minutes

Players Stats for MapleLeafs

Player Name              G  A  P  +/- PIM S  H  SB GA TA FO     MP     PP MP  PK MP  
------------------------------------------------------------------------------------
Adam Hall                0  0  0   1  2   1  3  0  0  0  5/10   17:15   0:00   5:07 
Adam Henrique            2  0  2   2  0   4  0  0  0  0  2/3    20:22   2:40   5:34 
Chuck Kobasew            0  0  0  -1  0   0  0  0  0  0  0/0     7:16   0:00   0:00 
Derek Dorsett            1  1  2   2  0   2  0  0  0  0  10/14   9:27   0:00   0:00 
Drew Doughty             0  2  2   3  0   1  1  1  0  0  0/0    23:06   3:49   5:48 
Evgeni Malkin            1  0  1   1  0   3  0  1  0  0  3/5    21:56   3:17   5:35 
Greg Zanon               0  0  0   0  2   0  4  0  0  0  0/0    15:37   0:00   4:37 
Hal Gill                 0  0  0   2  2   0  2  0  0  0  0/0    19:48   2:08   5:13 
Jay Beagle               0  0  0  -1  0   0  0  0  0  0  0/0     7:16   0:00   0:00 
Jay Harrison             0  1  1   2  2   2  3  2  0  0  0/0    20:06   2:08   0:34 
Jonathan Ericsson        0  0  0  -1  0   0  3  0  0  0  0/0    17:42   0:00   1:44 
Jordin Tootoo            0  0  0   2  2   3  0  0  0  0  0/0    12:06   2:40   0:00 
Mike Fisher              0  0  0   1  2   2  6  0  0  0  10/23  20:06   3:17   3:46 
Patrick Marleau          0  0  0   1  0   1  0  0  0  0  2/3    18:47   3:17   2:26 
Philippe Dupuis          1  0  1   2  0   1  0  0  0  0  0/1     9:27   0:00   0:00 
Vernon Fiddler           0  0  0  -1  0   0  0  0  0  0  5/8     7:16   0:00   0:00 
Victor Hedman            0  2  2   2  0   0  1  0  0  0  0/0    23:38   3:49   6:20 
Vincent Lecavalier       0  1  1   1  4   2  2  0  0  0  10/17  14:46   2:40   0:00 

Players Stats for BlackHawks

Player Name              G  A  P  +/- PIM S  H  SB GA TA FO     MP     PP MP  PK MP  
------------------------------------------------------------------------------------
Anton Babchuk            0  0  0  -2  0   0  0  1  0  0  0/0    14:24   0:02   1:22 
Brandon Yip              0  0  0  -1  0   0  0  0  0  0  0/0    11:10   0:00   0:00 
Brett Clark              0  0  0   0  0   0  3  1  0  0  0/0    16:23   0:02   3:02 
Bryan Little             0  0  0  -1  0   3  0  0  0  0  0/1    22:22   6:40   0:00 
Chris Campoli            0  0  0   0  0   2  0  0  0  0  0/0    22:31   6:26   2:46 
Daniel Paille            0  0  0  -2  0   1  0  0  0  0  0/0    16:09   5:38   0:00 
Darren Helm              0  1  1  -2  2   2  2  0  0  0  11/29  18:22   5:26   2:09 
Jamie McGinn             1  0  1  -1  0   2  7  0  0  0  1/1    18:59   6:42   1:03 
Louis Leblanc            0  0  0   0  0   4  0  0  0  0  0/1     7:21   0:00   3:32 
Mark Eaton               0  0  0  -2  0   0  2  0  0  0  0/0    11:46   0:00   0:00 
Mats Zuccarello          0  0  0   0  0   0  0  0  0  0  0/0     0:41   0:02   0:00 
Mika Zibanejad           0  0  0  -1  0   0  1  0  0  0  5/7     9:15   5:26   0:00 
P.K. Subban              1  1  2  -1  0   3  3  2  0  0  0/0    26:15   6:30   2:55 
Robyn Regehr             0  0  0  -2  2   0  2  0  0  0  0/0    23:02   5:38   1:49 
Samuel Pahlsson          0  0  0  -1  0   1  2  0  0  0  7/12   16:56   0:02   2:05 
Simon Gagne              0  0  0  -2  0   0  0  0  0  0  0/1    21:56   5:26   0:50 
Tyler Kennedy            0  0  0  -1  0   0  1  0  0  0  0/2    13:29   0:00   2:15 
Zach Parise              0  1  1  -1  2   3  3  0  0  0  13/30  22:59   6:40   0:00 

3 Stars

1 - Adam Henrique (TOR)
2 - Derek Dorsett (TOR)
3 - Drew Doughty (TOR)

Power Play

MapleLeafs - 0 on 3 Attempt(s) - 0.00%
BlackHawks - 1 on 8 Attempt(s) - 12.50%

Penalty Kill

MapleLeafs - 7 on 8 Attempt(s) - 87.50% - Score 1 goal in Penalty Kill
BlackHawks - 3 on 3 Attempt(s) - 100.00% - Score 0 goal in Penalty Kill

Official

Referees : Kevin Pollock and Mike Leggo
Linesman : Tony Sericolo and Brian Mach

Game Notes

Mats Zuccarello is injured at 4:02 of 1st period (Bruised Left Shoulder)
Martin Brodeur enters game at 8:50 of 2nd period

Finance

Level 1 -- Attendance: 2501 (38.48%) -- Ticket Income $625,250
Level 2 -- Attendance: 1362 (27.24%) -- Ticket Income $339,138
Level 3 -- Attendance: 904 (25.83%) -- Ticket Income $180,800
Level 4 -- Attendance: 530 (11.78%) -- Ticket Income $106,000
Luxury Box -- Attendance: 413 (41.30%) -- Ticket Income $185,850
Game was played at the United Center
Total Attendance: 5710 (27.85%)
Total Ticket Income: $1,437,038
Other Income: $215,556
Total Income: $1,652,594


% Time on Ice - MapleLeafs

Lines # - Real PCT - Wanted PCT - Time Play
Normal Forward
1 - 31% - 32% - 13:04
2 - 29% - 30% - 12:08
3 - 23% - 22% - 9:27
4 - 17% - 16% - 7:16
Normal Defense
1 - 32% - 33% - 13:29
2 - 30% - 27% - 12:28
3 - 26% - 24% - 11:01
4 - 12% - 16% - 4:57
PP Forward
1 - 55% - 53% - 3:17
2 - 45% - 47% - 2:40
PP Defense
1 - 64% - 54% - 3:49
2 - 36% - 46% - 2:08
PK Forward
1 - 54% - 53% - 5:35
2 - 46% - 47% - 4:46
PK Defense
1 - 52% - 53% - 5:21
2 - 48% - 47% - 5:00
PK3 Forward
1 - 100% - 60% - 1:47
2 - 0% - 40% - 0:00
PK3 Defense
1 - 55% - 52% - 0:59
2 - 45% - 48% - 0:48
44 Forward
1 - 0% - 60%
2 - 0% - 40%
44 Defense
1 - 0% - 60%
2 - 0% - 40%
Last Minute Offensive  - 0:00
Last Minute Defensive  - 0:00
Total
Forward - 60:00
Defense - 60:00

% Time on Ice - BlackHawks

Lines # - Real PCT - Wanted PCT - Time Play
Normal Forward
1 - 37% - 40% - 15:42
2 - 27% - 30% - 11:14
3 - 27% - 20% - 11:10
4 - 9% - 10% - 3:49
Normal Defense
1 - 37% - 40% - 15:36
2 - 32% - 30% - 13:19
3 - 26% - 20% - 10:51
4 - 5% - 10% - 2:09
PP Forward
1 - 55% - 60% - 6:42
2 - 45% - 40% - 5:26
PP Defense
1 - 54% - 60% - 6:30
2 - 46% - 40% - 5:38
PK Forward
1 - 82% - 60% - 4:54
2 - 18% - 40% - 1:03
PK Defense
1 - 54% - 60% - 3:11
2 - 46% - 40% - 2:46
PK3 Forward
1 - 0% - 60%
2 - 0% - 40%
PK3 Defense
1 - 0% - 60%
2 - 0% - 40%
44 Forward
1 - 0% - 60%
2 - 0% - 40%
44 Defense
1 - 0% - 60%
2 - 0% - 40%
Last Minute Offensive  - 0:00
Last Minute Defensive  - 0:00
Total
Forward - 60:00
Defense - 60:00

Play by Play

1st period


0:01 of 1st period - Zach Parise wins face-off versus Evgeni Malkin in neutral zone.
1:01 of 1st period - Icing by Hal Gill.
1:02 of 1st period - Vincent Lecavalier wins face-off versus Darren Helm in MapleLeafs zone.
1:09 of 1st period - Shot by Vincent Lecavalier.
1:09 of 1st period - Stopped by Jose Theodore without a rebound.
1:10 of 1st period - Derek Dorsett wins face-off versus Samuel Pahlsson in BlackHawks zone.
1:10 of 1st period - Derek Dorsett is hit by Mark Eaton.
1:23 of 1st period - Samuel Pahlsson is hit by Jonathan Ericsson and loses puck.
1:24 of 1st period - Minor Penalty to Greg Zanon for Roughing.
1:25 of 1st period - Evgeni Malkin wins face-off versus Bryan Little in MapleLeafs zone.
3:06 of 1st period - Drew Doughty is hit by Darren Helm and loses puck.
3:39 of 1st period - Samuel Pahlsson is hit by Hal Gill and loses puck.
4:01 of 1st period - Mats Zuccarello is hit by Jay Harrison and loses puck.
4:02 of 1st period - Mats Zuccarello from BlackHawks is injured at 4:02 of 1st period (Bruised Left Shoulder).
4:03 of 1st period - Derek Dorsett wins face-off versus Mika Zibanejad in MapleLeafs zone.
4:26 of 1st period - Shot by Louis Leblanc.
4:26 of 1st period - Stopped by Ryan Miller without a rebound.
4:27 of 1st period - Vincent Lecavalier wins face-off versus Darren Helm in MapleLeafs zone.
4:56 of 1st period - Icing by Drew Doughty.
4:57 of 1st period - Zach Parise wins face-off versus Vincent Lecavalier in MapleLeafs zone.
5:54 of 1st period - Shot by Evgeni Malkin.
5:54 of 1st period - Shot Misses the Net.
6:06 of 1st period - Shot by Evgeni Malkin.
6:06 of 1st period - Shot Misses the Net.
7:39 of 1st period - Minor Penalty to Jay Harrison for Tripping.
7:40 of 1st period - Zach Parise wins face-off versus Adam Hall in MapleLeafs zone.
7:41 of 1st period - Shot by P.K. Subban.
7:41 of 1st period - Goal by P.K. Subban - MapleLeafs : 0 - BlackHawks : 1.
7:42 of 1st period - Vincent Lecavalier wins face-off versus Zach Parise in neutral zone.
7:53 of 1st period - Bryan Little is hit by Greg Zanon and loses puck.
8:31 of 1st period - Minor Penalty to Vincent Lecavalier for Slashing.
8:32 of 1st period - Patrick Marleau wins face-off versus Darren Helm in MapleLeafs zone.
8:45 of 1st period - Shot by P.K. Subban.
8:45 of 1st period - Shot Blocked by Evgeni Malkin.
8:47 of 1st period - Shot by P.K. Subban.
8:47 of 1st period - Shot Misses the Net.
8:49 of 1st period - Shot by Darren Helm.
8:49 of 1st period - Stopped by Ryan Miller without a rebound.
8:50 of 1st period - Adam Henrique wins face-off versus Zach Parise in MapleLeafs zone.
9:44 of 1st period - Icing by Chris Campoli.
9:45 of 1st period - Darren Helm wins face-off versus Patrick Marleau in BlackHawks zone.
9:51 of 1st period - Shot by Evgeni Malkin.
9:51 of 1st period - Shot Misses the Net.
11:38 of 1st period - Shot by Jordin Tootoo.
11:38 of 1st period - Stopped by Jose Theodore without a rebound.
11:39 of 1st period - Darren Helm wins face-off versus Mike Fisher in BlackHawks zone.
12:02 of 1st period - Tyler Kennedy is hit by Mike Fisher and loses puck.
12:07 of 1st period - Shot by Evgeni Malkin.
12:07 of 1st period - Deflect By Patrick Marleau.
12:07 of 1st period - Stopped by Jose Theodore without a rebound.
12:08 of 1st period - Vincent Lecavalier wins face-off versus Mika Zibanejad in BlackHawks zone.
12:08 of 1st period - Vincent Lecavalier is hit by Brett Clark.
12:11 of 1st period - Adam Henrique is hit by Brett Clark and loses puck.
12:21 of 1st period - Icing by Drew Doughty.
12:22 of 1st period - Adam Hall wins face-off versus Zach Parise in MapleLeafs zone.
13:38 of 1st period - Icing by Jonathan Ericsson.
13:39 of 1st period - Mika Zibanejad wins face-off versus Mike Fisher in MapleLeafs zone.
13:43 of 1st period - Icing by Jonathan Ericsson.
13:44 of 1st period - Mika Zibanejad wins face-off versus Mike Fisher in MapleLeafs zone.
13:51 of 1st period - Shot by Louis Leblanc.
13:51 of 1st period - Stopped by Ryan Miller with a rebound.
14:50 of 1st period - Shot by Jamie McGinn.
14:50 of 1st period - Stopped by Ryan Miller without a rebound.
14:51 of 1st period - Zach Parise wins face-off versus Vincent Lecavalier in MapleLeafs zone.
14:57 of 1st period - Icing by Victor Hedman.
14:58 of 1st period - Vincent Lecavalier wins face-off versus Zach Parise in MapleLeafs zone.
15:05 of 1st period - Shot by Adam Henrique.
15:05 of 1st period - Shot Misses the Net.
15:07 of 1st period - Shot by Adam Henrique.
15:07 of 1st period - Goal by Adam Henrique - MapleLeafs : 1 - BlackHawks : 1.
15:08 of 1st period - Darren Helm wins face-off versus Evgeni Malkin in neutral zone.
15:24 of 1st period - Icing by P.K. Subban.
15:25 of 1st period - Darren Helm wins face-off versus Vincent Lecavalier in BlackHawks zone.
16:09 of 1st period - Off-side.
16:10 of 1st period - Mike Fisher wins face-off versus Simon Gagne in neutral zone.
16:12 of 1st period - Off-side.
16:13 of 1st period - Zach Parise wins face-off versus Mike Fisher in neutral zone.
16:20 of 1st period - Shot by Zach Parise.
16:20 of 1st period - Stopped by Ryan Miller without a rebound.
16:21 of 1st period - Mike Fisher wins face-off versus Zach Parise in MapleLeafs zone.
16:53 of 1st period - Shot by Jay Harrison.
16:53 of 1st period - Shot Blocked by Brett Clark.
16:55 of 1st period - Shot by Mike Fisher.
16:55 of 1st period - Shot Misses the Net.
17:37 of 1st period - Icing by Drew Doughty.
17:38 of 1st period - Derek Dorsett wins face-off versus Darren Helm in MapleLeafs zone.
17:47 of 1st period - Shot by Derek Dorsett.
17:47 of 1st period - Goal by Derek Dorsett - MapleLeafs : 2 - BlackHawks : 1.
17:48 of 1st period - Vincent Lecavalier wins face-off versus Louis Leblanc in neutral zone.
17:53 of 1st period - Shot by Jonathan Ericsson.
17:53 of 1st period - Shot Misses the Net.
17:55 of 1st period - Shot by Greg Zanon.
17:55 of 1st period - Shot Misses the Net.
18:02 of 1st period - Off-side.
18:03 of 1st period - Mike Fisher wins face-off versus Darren Helm in neutral zone.
18:14 of 1st period - Shot by Evgeni Malkin.
18:14 of 1st period - Goal by Evgeni Malkin - MapleLeafs : 3 - BlackHawks : 1.
18:15 of 1st period - Samuel Pahlsson wins face-off versus Adam Hall in neutral zone.
19:09 of 1st period - Shot by Evgeni Malkin.
19:09 of 1st period - Shot Misses the Net.

2nd period


0:01 of 2nd period - Zach Parise wins face-off versus Derek Dorsett in neutral zone.
0:21 of 2nd period - Off-side.
0:22 of 2nd period - Darren Helm wins face-off versus Vernon Fiddler in neutral zone.
0:24 of 2nd period - Off-side.
0:25 of 2nd period - Vernon Fiddler wins face-off versus Darren Helm in neutral zone.
0:25 of 2nd period - Vernon Fiddler is hit by Jamie McGinn.
1:07 of 2nd period - Shot by Jamie McGinn.
1:07 of 2nd period - Goal by Jamie McGinn - MapleLeafs : 3 - BlackHawks : 2.
1:08 of 2nd period - Zach Parise wins face-off versus Derek Dorsett in neutral zone.
1:15 of 2nd period - Shot by Zach Parise.
1:15 of 2nd period - Stopped by Ryan Miller without a rebound.
1:16 of 2nd period - Zach Parise wins face-off versus Mike Fisher in MapleLeafs zone.
1:53 of 2nd period - Shot by Mike Fisher.
1:53 of 2nd period - Stopped by Jose Theodore without a rebound.
1:54 of 2nd period - Vincent Lecavalier wins face-off versus Darren Helm in BlackHawks zone.
2:28 of 2nd period - Icing by Anton Babchuk.
2:29 of 2nd period - Derek Dorsett wins face-off versus Darren Helm in BlackHawks zone.
2:42 of 2nd period - Jonathan Ericsson is hit by Jamie McGinn.
4:12 of 2nd period - Bryan Little is hit by Mike Fisher and loses puck.
4:32 of 2nd period - Off-side.
4:33 of 2nd period - Vernon Fiddler wins face-off versus Darren Helm in neutral zone.
5:38 of 2nd period - Shot by Louis Leblanc.
5:38 of 2nd period - Stopped by Ryan Miller with a rebound.
5:40 of 2nd period - Shot by Louis Leblanc.
5:40 of 2nd period - Stopped by Ryan Miller with a rebound.
5:50 of 2nd period - Shot by Louis Leblanc.
5:50 of 2nd period - Shot Misses the Net.
5:52 of 2nd period - Shot by Samuel Pahlsson.
5:52 of 2nd period - Stopped by Ryan Miller without a rebound.
5:53 of 2nd period - Derek Dorsett wins face-off versus Samuel Pahlsson in MapleLeafs zone.
6:03 of 2nd period - Icing by Hal Gill.
6:04 of 2nd period - Mika Zibanejad wins face-off versus Philippe Dupuis in MapleLeafs zone.
6:04 of 2nd period - Mika Zibanejad is hit by Jay Harrison.
6:11 of 2nd period - Mika Zibanejad is hit by Jay Harrison.
6:29 of 2nd period - Shot by Samuel Pahlsson.
6:29 of 2nd period - Shot Blocked by Jay Harrison.
6:30 of 2nd period - Minor Penalty to Hal Gill for Interference.
6:31 of 2nd period - Adam Hall wins face-off versus Zach Parise in MapleLeafs zone.
6:31 of 2nd period - Adam Hall is hit by Jamie McGinn.
7:42 of 2nd period - Shot by P.K. Subban.
7:42 of 2nd period - Shot Misses the Net.
7:44 of 2nd period - Shot by P.K. Subban.
7:44 of 2nd period - Shot Misses the Net.
7:46 of 2nd period - Shot by Darren Helm.
7:46 of 2nd period - Shot Blocked by Drew Doughty.
7:48 of 2nd period - Shot by Chris Campoli.
7:48 of 2nd period - Stopped by Ryan Miller without a rebound.
7:49 of 2nd period - Mike Fisher wins face-off versus Zach Parise in MapleLeafs zone.
8:48 of 2nd period - Shot by Derek Dorsett.
8:48 of 2nd period - Stopped by Jose Theodore with a rebound.
8:50 of 2nd period - Shot by Philippe Dupuis.
8:50 of 2nd period - Goal by Philippe Dupuis - MapleLeafs : 4 - BlackHawks : 2.
8:50 of 2nd period - Martin Brodeur enters game.
8:51 of 2nd period - Mika Zibanejad wins face-off versus Vernon Fiddler in neutral zone.
9:45 of 2nd period - Shot by Drew Doughty.
9:45 of 2nd period - Stopped by Martin Brodeur without a rebound.
9:46 of 2nd period - Darren Helm wins face-off versus Mike Fisher in BlackHawks zone.
9:46 of 2nd period - Darren Helm is hit by Mike Fisher.
9:54 of 2nd period - Shot by Tyler Kennedy.
9:54 of 2nd period - Shot Misses the Net.
10:00 of 2nd period - Shot by Tyler Kennedy.
10:00 of 2nd period - Shot Misses the Net.
10:02 of 2nd period - Shot by Tyler Kennedy.
10:02 of 2nd period - Shot Misses the Net.
10:22 of 2nd period - Icing by Evgeni Malkin.
10:23 of 2nd period - Evgeni Malkin wins face-off versus Zach Parise in MapleLeafs zone.
10:52 of 2nd period - Shot by P.K. Subban.
10:52 of 2nd period - Stopped by Ryan Miller without a rebound.
10:53 of 2nd period - Samuel Pahlsson wins face-off versus Vincent Lecavalier in MapleLeafs zone.
11:10 of 2nd period - Shot by Anton Babchuk.
11:10 of 2nd period - Shot Misses the Net.
11:28 of 2nd period - Shot by Adam Henrique.
11:28 of 2nd period - Stopped by Martin Brodeur with a rebound.
11:30 of 2nd period - Shot by Victor Hedman.
11:30 of 2nd period - Shot Blocked by Anton Babchuk.
11:32 of 2nd period - Shot by Adam Henrique.
11:32 of 2nd period - Shot Misses the Net.
11:34 of 2nd period - Shot by Victor Hedman.
11:34 of 2nd period - Shot Misses the Net.
11:36 of 2nd period - Shot by Adam Hall.
11:36 of 2nd period - Stopped by Martin Brodeur without a rebound.
11:37 of 2nd period - Derek Dorsett wins face-off versus Zach Parise in BlackHawks zone.
12:06 of 2nd period - Icing by Jonathan Ericsson.
12:07 of 2nd period - Derek Dorsett wins face-off versus Darren Helm in MapleLeafs zone.
12:37 of 2nd period - Tyler Kennedy is hit by Greg Zanon and loses puck.
13:16 of 2nd period - Shot by Zach Parise.
13:16 of 2nd period - Shot Misses the Net.
13:37 of 2nd period - Zach Parise is hit by Drew Doughty and loses puck.
13:47 of 2nd period - Shot by P.K. Subban.
13:47 of 2nd period - Shot Misses the Net.
13:56 of 2nd period - Minor Penalty to Robyn Regehr for Interference.
13:57 of 2nd period - Darren Helm wins face-off versus Mike Fisher in BlackHawks zone.
14:48 of 2nd period - Jay Harrison is hit by Samuel Pahlsson and loses puck.
15:15 of 2nd period - Off-side.
15:16 of 2nd period - Vincent Lecavalier wins face-off versus Darren Helm in neutral zone.
15:33 of 2nd period - Shot by Drew Doughty.
15:33 of 2nd period - Shot Blocked by P.K. Subban.
16:07 of 2nd period - Chuck Kobasew is hit by Zach Parise and loses puck.
16:24 of 2nd period - Shot by Bryan Little.
16:24 of 2nd period - Stopped by Ryan Miller with a rebound.
16:55 of 2nd period - Off-side.
16:56 of 2nd period - Derek Dorsett wins face-off versus Samuel Pahlsson in neutral zone.
16:56 of 2nd period - Derek Dorsett is hit by Samuel Pahlsson.
17:17 of 2nd period - Shot by Derek Dorsett.
17:17 of 2nd period - Deflect By Jordin Tootoo.
17:17 of 2nd period - Stopped by Martin Brodeur without a rebound.
17:18 of 2nd period - Darren Helm wins face-off versus Mike Fisher in BlackHawks zone.
17:28 of 2nd period - Icing by Brett Clark.
17:29 of 2nd period - Jamie McGinn wins face-off versus Vincent Lecavalier in BlackHawks zone.
17:29 of 2nd period - Minor Penalty to Vincent Lecavalier for Interference.
17:30 of 2nd period - Adam Hall wins face-off versus Zach Parise in MapleLeafs zone.
17:30 of 2nd period - Adam Hall is hit by Jamie McGinn.
18:07 of 2nd period - Mike Fisher is hit by Jamie McGinn and loses puck.
18:32 of 2nd period - Adam Hall is hit by Robyn Regehr and loses puck.
18:47 of 2nd period - Victor Hedman is hit by Mika Zibanejad and loses puck.
18:52 of 2nd period - Shot by Simon Gagne.
18:52 of 2nd period - Shot Misses the Net.
19:35 of 2nd period - Icing by Samuel Pahlsson.
19:36 of 2nd period - Samuel Pahlsson wins face-off versus Derek Dorsett in BlackHawks zone.
19:53 of 2nd period - Shot by Samuel Pahlsson.
19:53 of 2nd period - Shot Blocked by Jay Harrison.
19:55 of 2nd period - Shot by Mark Eaton.
19:55 of 2nd period - Shot Misses the Net.

3rd period


0:01 of 3rd period - Mike Fisher wins face-off versus Zach Parise in neutral zone.
0:05 of 3rd period - Drew Doughty is hit by P.K. Subban and loses puck.
0:20 of 3rd period - Shot by Evgeni Malkin.
0:20 of 3rd period - Stopped by Martin Brodeur without a rebound.
0:21 of 3rd period - Darren Helm wins face-off versus Adam Hall in BlackHawks zone.
0:21 of 3rd period - Darren Helm is hit by Adam Hall.
0:26 of 3rd period - Brett Clark is hit by Jonathan Ericsson and loses puck.
0:36 of 3rd period - Jamie McGinn is hit by Jonathan Ericsson and loses puck.
0:46 of 3rd period - Icing by Brett Clark.
0:47 of 3rd period - Darren Helm wins face-off versus Mike Fisher in BlackHawks zone.
0:47 of 3rd period - Darren Helm is hit by Mike Fisher.
0:50 of 3rd period - Minor Penalty to Mike Fisher for Roughing.
0:51 of 3rd period - Adam Hall wins face-off versus Zach Parise in MapleLeafs zone.
0:51 of 3rd period - Adam Hall is hit by Jamie McGinn.
1:13 of 3rd period - Shot by Zach Parise.
1:13 of 3rd period - Shot Misses the Net.
1:31 of 3rd period - Shot by Zach Parise.
1:31 of 3rd period - Stopped by Ryan Miller without a rebound.
1:32 of 3rd period - Adam Hall wins face-off versus Darren Helm in MapleLeafs zone.
1:32 of 3rd period - Adam Hall is hit by Darren Helm.
1:42 of 3rd period - Shot by Simon Gagne.
1:42 of 3rd period - Shot Misses the Net.
2:06 of 3rd period - Shot by P.K. Subban.
2:06 of 3rd period - Stopped by Ryan Miller with a rebound.
2:08 of 3rd period - Shot by P.K. Subban.
2:08 of 3rd period - Shot Misses the Net.
2:10 of 3rd period - Shot by P.K. Subban.
2:10 of 3rd period - Shot Misses the Net.
2:57 of 3rd period - Off-side.
2:58 of 3rd period - Vernon Fiddler wins face-off versus Samuel Pahlsson in neutral zone.
3:41 of 3rd period - Off-side.
3:42 of 3rd period - Evgeni Malkin wins face-off versus Zach Parise in neutral zone.
3:42 of 3rd period - Evgeni Malkin is hit by Zach Parise.
3:54 of 3rd period - Shot by Evgeni Malkin.
3:54 of 3rd period - Stopped by Martin Brodeur without a rebound.
3:55 of 3rd period - Vincent Lecavalier wins face-off versus Darren Helm in BlackHawks zone.
4:12 of 3rd period - Chris Campoli is hit by Adam Hall and loses puck.
4:33 of 3rd period - Shot by Vincent Lecavalier.
4:33 of 3rd period - Stopped by Martin Brodeur without a rebound.
4:34 of 3rd period - Zach Parise wins face-off versus Mike Fisher in BlackHawks zone.
4:34 of 3rd period - Zach Parise is hit by Mike Fisher.
5:07 of 3rd period - Shot by Bryan Little.
5:07 of 3rd period - Stopped by Ryan Miller without a rebound.
5:08 of 3rd period - Mika Zibanejad wins face-off versus Derek Dorsett in MapleLeafs zone.
5:08 of 3rd period - Mika Zibanejad is hit by Greg Zanon.
5:36 of 3rd period - Shot by Jordin Tootoo.
5:36 of 3rd period - Stopped by Martin Brodeur without a rebound.
5:37 of 3rd period - Mike Fisher wins face-off versus Tyler Kennedy in BlackHawks zone.
5:38 of 3rd period - Shot by Evgeni Malkin.
5:38 of 3rd period - Shot Misses the Net.
5:43 of 3rd period - Off-side.
5:44 of 3rd period - Zach Parise wins face-off versus Mike Fisher in neutral zone.
5:44 of 3rd period - Zach Parise is hit by Mike Fisher.
6:02 of 3rd period - Shot by Patrick Marleau.
6:02 of 3rd period - Shot Misses the Net.
6:04 of 3rd period - Shot by Victor Hedman.
6:04 of 3rd period - Shot Misses the Net.
6:07 of 3rd period - Mike Fisher is hit by Robyn Regehr and loses puck.
6:16 of 3rd period - Shot by Drew Doughty.
6:16 of 3rd period - Shot Blocked by P.K. Subban.
6:48 of 3rd period - Shot by Jay Harrison.
6:48 of 3rd period - Stopped by Martin Brodeur without a rebound.
6:49 of 3rd period - Derek Dorsett wins face-off versus Darren Helm in BlackHawks zone.
7:28 of 3rd period - Shot by Derek Dorsett.
7:28 of 3rd period - Shot Misses the Net.
9:29 of 3rd period - Icing by Jay Harrison.
9:30 of 3rd period - Vernon Fiddler wins face-off versus Zach Parise in MapleLeafs zone.
9:34 of 3rd period - Off-side.
9:35 of 3rd period - Derek Dorsett wins face-off versus Zach Parise in neutral zone.
9:35 of 3rd period - Derek Dorsett is hit by P.K. Subban.
9:46 of 3rd period - Minor Penalty to Jordin Tootoo for High sticking.
9:47 of 3rd period - Zach Parise wins face-off versus Adam Hall in MapleLeafs zone.
9:57 of 3rd period - Icing by Zach Parise.
9:58 of 3rd period - Zach Parise wins face-off versus Adam Hall in BlackHawks zone.
9:58 of 3rd period - Minor Penalty to Adam Hall for Goalie Interference.
9:59 of 3rd period - Patrick Marleau wins face-off versus Zach Parise in MapleLeafs zone.
9:59 of 3rd period - Hal Gill is hit by Jamie McGinn and loses puck.
10:54 of 3rd period - Off-side.
10:55 of 3rd period - Adam Henrique wins face-off versus Darren Helm in neutral zone.
11:00 of 3rd period - Shot by Adam Henrique.
11:00 of 3rd period - Goal by Adam Henrique - MapleLeafs : 5 - BlackHawks : 2.
11:01 of 3rd period - Darren Helm wins face-off versus Adam Henrique in neutral zone.
11:06 of 3rd period - Shot by Simon Gagne.
11:06 of 3rd period - Shot Misses the Net.
11:28 of 3rd period - Shot by Daniel Paille.
11:28 of 3rd period - Stopped by Ryan Miller with a rebound.
11:30 of 3rd period - Shot by Darren Helm.
11:30 of 3rd period - Shot Misses the Net.
12:19 of 3rd period - Shot by Tyler Kennedy.
12:19 of 3rd period - Shot Misses the Net.
12:25 of 3rd period - Shot by Chris Campoli.
12:25 of 3rd period - Stopped by Ryan Miller without a rebound.
12:26 of 3rd period - Zach Parise wins face-off versus Vernon Fiddler in MapleLeafs zone.
12:26 of 3rd period - P.K. Subban is hit by Victor Hedman and loses puck.
12:30 of 3rd period - Minor Penalty to Zach Parise for Hooking.
12:31 of 3rd period - Mike Fisher wins face-off versus Darren Helm in BlackHawks zone.
13:35 of 3rd period - Icing by Drew Doughty.
13:36 of 3rd period - Mike Fisher wins face-off versus Darren Helm in MapleLeafs zone.
14:18 of 3rd period - Shot by Jay Harrison.
14:18 of 3rd period - Stopped by Martin Brodeur without a rebound.
14:19 of 3rd period - Samuel Pahlsson wins face-off versus Vincent Lecavalier in BlackHawks zone.
14:43 of 3rd period - Bryan Little is hit by Greg Zanon and loses puck.
15:04 of 3rd period - Shot by Bryan Little.
15:04 of 3rd period - Stopped by Ryan Miller without a rebound.
15:05 of 3rd period - Samuel Pahlsson wins face-off versus Mike Fisher in MapleLeafs zone.
15:39 of 3rd period - Icing by Brett Clark.
15:40 of 3rd period - Samuel Pahlsson wins face-off versus Vincent Lecavalier in BlackHawks zone.
15:40 of 3rd period - Samuel Pahlsson is hit by Vincent Lecavalier.
15:43 of 3rd period - Chris Campoli is hit by Adam Hall and loses puck.
15:55 of 3rd period - Vincent Lecavalier is hit by Brett Clark.
16:15 of 3rd period - Adam Hall is hit by Zach Parise and loses puck.
16:41 of 3rd period - Bryan Little is hit by Hal Gill and loses puck.
17:09 of 3rd period - Icing by Drew Doughty.
17:10 of 3rd period - Mike Fisher wins face-off versus Darren Helm in MapleLeafs zone.
17:10 of 3rd period - Mike Fisher is hit by Tyler Kennedy.
17:11 of 3rd period - Minor Penalty to Darren Helm for Hooking.
17:12 of 3rd period - Mike Fisher wins face-off versus Tyler Kennedy in BlackHawks zone.
18:27 of 3rd period - Shot by Adam Henrique.
18:27 of 3rd period - Stopped by Martin Brodeur without a rebound.
18:28 of 3rd period - Vincent Lecavalier wins face-off versus Samuel Pahlsson in BlackHawks zone.
18:43 of 3rd period - Brett Clark is hit by Vincent Lecavalier and loses puck.
19:13 of 3rd period - Drew Doughty is hit by Mark Eaton and loses puck.
19:38 of 3rd period - Shot by Darren Helm.
19:38 of 3rd period - Stopped by Ryan Miller without a rebound.
19:39 of 3rd period - Samuel Pahlsson wins face-off versus Mike Fisher in MapleLeafs zone.
19:58 of 3rd period - Shot by Mike Fisher.
19:58 of 3rd period - Stopped by Martin Brodeur without a rebound.
19:59 of 3rd period - Vernon Fiddler wins face-off versus Zach Parise in BlackHawks zone.
19:59 of 3rd period - Vernon Fiddler is hit by P.K. Subban.


Output by the SimonT Hockey Simulator (STHS) for Stephane Roy -- Original Page W3C XHTML 1.0 Valid
Hockey Simulator - Hockey Simulation - Hockey Manager